 Dungeon Crawl Stone Soup version 0.30-a0-986-g7f2e898f52 (webtiles) character file.

Game seed: 6915878461415982782

6 Grim the Poker (level 1, 18/18 HPs)
             Began as a Minotaur Gladiator on Apr 2, 2023.
             Quit the game on level 1 of the Dungeon.
             The game lasted 00:00:31 (111 turns).

Grim the Poker (Minotaur Gladiator)                  Turns: 111, Time: 00:00:31

Health: 18/18      AC:  3    Str: 18    XL:     1   Next: 75%
Magic:  0/0        EV: 12    Int:  5    God:
Gold:   12         SH:  0    Dex: 11    Spells: 0/0 levels left

rFire   . . .      SeeInvis .    a - +0 trident
rCold   . . .      Faith    .    (no shield)
rNeg    . . .      Spirit   .    b - +0 leather armour
rPois   .          Reflect  .    c - +0 hat
rElec   .          Rampage  .    (no cloak)
rCorr   .                        (no gloves)
Will    .....                    (no boots)
Stlth   +                        (no amulet)
HPRegen 0.23/turn                (no ring)
MPRegen 0.07/turn                (no ring)

@: no status effects
A: horns 2, retaliatory headbutt
a: no special abilities


You were on level 1 of the Dungeon.
You visited 1 branch of the dungeon, and saw 1 of its levels.

You collected 12 gold pieces.

Inventory:

Hand Weapons
 a - a +0 trident (weapon)
Missiles
 d - 3 throwing nets (quivered)
 e - a javelin
Armour
 b - a +0 leather armour (worn)
 c - a +0 hat (worn)
Scrolls
 f - a scroll of identify {unknown}
 g - a scroll of blinking {unknown}


   Skills:
 - Level 2.4 Fighting
 * Level 4.0 Polearms
 + Level 2.2 Throwing
 - Level 3.2 Dodging


You couldn't memorise any spells.
You didn't know any spells.
Your spell library was empty.

Dungeon Overview and Level Annotations

Branches:
Dungeon (1/15)

Altars:


Innate Abilities, Weirdness & Mutations

You have a pair of horns on your head.
You reflexively headbutt those who attack you in melee.


Message History

Things that are here:
a +0 dagger; 3 stones; a kobold corpse You puncture the ball python!
You kill the ball python!
No target in view!
HP restored.
You now have 12 gold pieces.
A rat comes into view.
You reach to attack!
You hit the rat but do no damage. You closely miss the rat.
The rat bites you but does no damage.
You barely miss the rat. The rat completely misses you.
You furiously retaliate!
You headbutt the rat!
You kill the rat!
No target in view!
You see here a rat corpse.
Found a short sword.
No target in view!
A goblin comes into view. It is wielding a +0 dagger.
Okay, then.
Okay, then.
You reach to attack!
You puncture the goblin!
You kill the goblin!
No target in view!
f - a scroll labelled FOUHOCK ROOH A dart slug comes into view.
A dart slug is nearby!
You hit the dart slug but do no damage. The dart slug launches a dart at you.
The slug dart misses you.
You hit the dart slug. You headbutt the dart slug!
You kill the dart slug!
Your Polearms skill increases to level 4!
No target in view!
A rat comes into view.
A rat is nearby!
You closely miss the rat. You headbutt the rat.
You kill the rat!
No target in view!
g - a scroll labelled ANNIEVUAMP Are you sure you want to abandon this character and quit the game? (Confirm with "yes".)

.#
#.#.#.#.######
.# #.##...##
.# #.###.## .#
#.# #.# ## #.#
#.#### #.#
#....# # #.
#.##.# # #.# #
## #@# .###
#.# ...# #.#
.#.# #.# .#.#
#.# .... ..#
##### ### # #


There were no monsters in sight!

Vanquished Creatures
  A dart slug (D:1)
  A ball python (D:1)
  A goblin (D:1)
  A kobold (D:1)
  2 rats (D:1)
6 creatures vanquished.

Notes
Turn   | Place    | Note
-------+----------+-------------------------------------------
     0 | D:1      | Grim the Minotaur Gladiator began the quest for the Orb.
     0 | D:1      | Reached XP level 1. HP: 18/18 MP: 0/0
    89 | D:1      | Reached skill level 4 in Polearms
   111 | D:1      | Quit the game

Illustrated notes

Levels and vault maps discovered:
D:1:      ncdulo_lavacross, layout_loops_ring

Skill      XL: |  1 |
---------------+----+-----
Polearms       | 4 |  4.0
Fighting       | |  2.4
Throwing       | |  2.2
Dodging        | |  3.2

Action                     || total
---------------------------++-------
  Melee: Trident           ||     9
         Headbutt          ||     2
 Armour: Leather armour    ||     1
  Dodge: Dodged            ||     4

Table legend: (Time is in decaauts)
 A = Elapsed time spent in this place.
 B = Non-inter-level travel time spent in this place.
 C = Inter-level travel time spent in this place.
 D = Time resting spent in this place.
 E = Time spent auto-exploring this place.
 F = Levels seen in this place.
 G = Mean time per level.
                   A        B        C        D        E       F      G
               +--------+--------+--------+--------+--------+-----+--------+
         Total |    111 |    111 |      0 |      0 |     84 |   1 |  111.0 |
       Dungeon |    111 |    111 |      0 |      0 |     84 |   1 |  111.0 |
               +--------+--------+--------+--------+--------+-----+--------+

Top non-repeatable levels by time:
     D:1: 111 daAuts
